 Dungeon Crawl Stone Soup version 0.22-a0-412-g2b68d14 (webtiles) character file.

54 Borgoz the Skirmisher (level 3, 0/23 HPs)
             Began as a Gargoyle Abyssal Knight on May 12, 2018.
             Was a Follower of Lugonu.
             Slain by a gnoll
             ... wielding a +0 spear of distortion
              (3 damage)
             ... on level 2 of the Dungeon.
             The game lasted 00:01:40 (872 turns).

Borgoz the Skirmisher (Gargoyle Abyssal Knight)      Turns: 872, Time: 00:01:42

Health: 0/23       AC:  9    Str: 15    XL:     3   Next: 91%
Magic:  4/4        EV: 11    Int: 12    God:    Lugonu [*.....]
Gold:   50         SH:  0    Dex: 10    Spells: 2/2 levels left

rFire    . . .     SeeInvis .   a - +1 hand axe
rCold    . . .     Gourm    .   (no shield)
rNeg     + . .     Faith    .   b - +0 leather armour
rPois    ∞         Spirit   .   f - +2 helmet
rElec    +         Reflect  .   (no cloak)
rCorr    .         Harm     .   (no gloves)
MR       .....                  (no boots)
Stlth    +.........             (no amulet)
HPRegen  0.07/turn              (no ring)
MPRegen  0.09/turn              (no ring)

@: no status effects
A: negative energy resistance 1, electricity resistance, unbreathing,
petrification resistance, rot immunity, AC +3
a: Depart the Abyss, Renounce Religion


You were on level 2 of the Dungeon.
You worshipped Lugonu.
Lugonu was aware of your devotion.
You were not hungry.

You visited 1 branch of the dungeon, and saw 2 of its levels.
You visited the Abyss 1 time.

You collected 50 gold pieces.

Inventory:

Hand Weapons
 a - a +1 hand axe (weapon)
Missiles
 k - a throwing net (quivered)
Armour
 b - a +0 leather armour (worn)
 f - a +2 helmet (worn)
Scrolls
 d - 2 scrolls of remove curse {unknown}
 e - a scroll of fear {unknown}
 g - a scroll of teleportation {unknown}
 h - 3 scrolls of identify {unknown}
 l - a scroll of amnesia {unknown}
Potions
 i - a potion of curing {unknown}
Comestibles
 c - a ration
 j - 4 chunks of flesh


   Skills:
 + Level 3.6 Fighting
 * Level 2.6 Axes
 + Level 2.8 Armour
 + Level 1.2 Dodging
 + Level 2.4 Invocations


You had 2 spell levels left.
You didn't know any spells.
Your spell library was empty.

Dungeon Overview and Level Annotations

Branches:
Dungeon (2/15)

Altars:


Innate Abilities, Weirdness & Mutations

You are resistant to torment.
Your stone body is resilient. (AC +3)
You are immune to poison.
You resist negative energy. (rN+)
You are resistant to electric shocks. (rElec)
You can survive without breathing.
You are immune to petrification.
You are immune to rotting.


Message History

Lugonu accepts your kill. The gnoll misses you.
You barely miss the gnoll.
The gnoll hits you from afar with a spear of distortion.
Space bends around you. The gnoll hits you with a flail!
You are too injured to fight recklessly!
You are too injured to fight recklessly!
You are too injured to fight recklessly!
You are too injured to fight recklessly!
You are too injured to fight recklessly!
You are too injured to fight recklessly!
You are too injured to fight recklessly!
You are too injured to fight recklessly!
You are too injured to fight recklessly!
You hit the gnoll.
The gnoll is lightly wounded.
The gnoll hits you from afar with a spear of distortion!
* * * LOW HITPOINT WARNING * * *
Space bends around you.
You die...

#######.#
#.@gg...#
#.#######
#.# #.#
#.# #.#
### ##.##
#.. #.
##...##
#.# #.
#.....#
#.# ###<


You could see 2 gnolls.

Vanquished Creatures
  A gnoll (D:2)
  An ooze (D:1)
  2 dart slugs (D:2)
  A leopard gecko (D:1)
  4 giant cockroaches (D:1)
  8 goblins
  5 hobgoblins
  3 jackals (D:1)
  2 kobolds (D:1)
  3 bats (D:1)
  A frilled lizard (D:2)
  2 rats (D:1)
33 creatures vanquished.

Notes
Turn   | Place    | Note
-------+----------+-------------------------------------------
     0 | Abyss:1  | Borgoz the Gargoyle Abyssal Knight began the quest for the Orb.
     0 | Abyss:1  | Reached XP level 1. HP: 14/14 MP: 2/2
    30 | Abyss:1  | Noticed a large abomination
    35 | D:1      | Escaped the Abyss
   129 | D:1      | Reached * piety under Lugonu
   153 | D:1      | Reached XP level 2. HP: 16/19 MP: 3/3
   292 | D:1      | Reached skill level 1 in Dodging
   371 | D:1      | Reached XP level 3. HP: 18/23 MP: 4/4
   872 | D:2      | Slain by a gnoll

Vault maps used:
D:1:      minmay_arrival_hallway, serial_bayou_ford_a
D:2:      moated_statue

Skill      XL: |  1  2 |
---------------+-------+-----
Axes           | 2 |  2.6
Dodging        | 1 |  1.2
Fighting       | |  3.6
Armour         | |  2.8
Invocations    | |  2.4

Action                   || total
-------------------------++-------
Melee: Hand axe          ||   106
Invok: Depart the Abyss  ||     1
Armor: Leather armour    ||    37
Dodge: Dodged            ||    75

Table legend:
 A = Spawn XP
 B = Non-spawn XP
 C = Spawn XP percentage of total XP
 D = Spawn monster count
 E = Non-spawn monster count
 F = Spawn count percentage of total count
 G = Total turns spent on level
                    A         B        C        D         E        F      G
               +---------+---------+-------+---------+---------+-------+---------
         Total |       0 |      78 |   0.0 |       0 |      33 |   0.0 |   872
               +---------+---------+-------+---------+---------+-------+---------
           D:1 |       0 |      48 |   0.0 |       0 |      25 |   0.0 |   689
           D:2 |       0 |      30 |   0.0 |       0 |       8 |   0.0 |   148
               +---------+---------+-------+---------+---------+-------+---------
